 Dungeon Crawl Stone Soup version 0.28.0-43-g3370ac3207 (webtiles) character file.

Game seed: 10930962517353896762

4 pkoi the Stinger (level 1, -2/14 HPs)
             Began as a Demigod Venom Mage on Mar 23, 2022.
             Slain by a jackal (3 damage)
             ... on level 1 of the Dungeon.
             The game lasted 00:00:20 (189 turns).

pkoi the Stinger (Demigod Venom Mage)                Turns: 189, Time: 00:00:20

Health: -2/14      AC:  2    Str:  9    XL:     1   Next: 40%
Magic:  1/5        EV: 12    Int: 17    God:
Gold:   9          SH:  0    Dex: 14    Spells: 2/3 levels left

rFire   . . .      SeeInvis .   (no weapon)
rCold   . . .      Faith    .   (no shield)
rNeg    . . .      Spirit   .   a - +0 robe
rPois   .          Reflect  .   (no helmet)
rElec   .          Harm     .   (no cloak)
rCorr   .          Rampage  .   (no gloves)
Will    .....                   (no boots)
Stlth   ++........              (no amulet)
HPRegen 0.04/turn               (no ring)
MPRegen 0.09/turn               (no ring)

@: no status effects
A: high MP 1, forlorn, divine attributes, sense surroundings 1
a: no special abilities


You were on level 1 of the Dungeon.
You visited 1 branch of the dungeon, and saw 1 of its levels.

You collected 9 gold pieces.

Inventory:

Missiles
 b - 6 silver boomerangs
Armour
 a - a +0 robe (worn)


   Skills:
 - Level 1.7 Dodging
 - Level 1.7 Stealth
 - Level 1.7 Spellcasting
 - Level 0.8 Transmutations
 + Level 3.0 Poison Magic


You had 2 spell levels left.
You knew the following spells:

 Your Spells              Type           Power      Damage    Failure   Level
a - Sting                 Tmut/Pois      32%        1d4       9%          1

Your spell library contained the following spells:

 Spells                   Type           Power      Damage    Failure   Level
 Poisonous Vapours        Pois/Air       12%        N/A       16%         2
 Mephitic Cloud           Conj/Pois/Air  4%         N/A       36%         3
 Olgreb's Toxic Radiance  Pois           11%        N/A       50%         4


Dungeon Overview and Level Annotations

Branches:
Dungeon (1/15)


Innate Abilities, Weirdness & Mutations

You have an increased reservoir of magic. (+10% MP)
You shall have no god before yourself.
Your divine heritage dramatically boosts your attributes as you level up.
You passively map a small area around you.


Message History

The jackal bites you.
* * * LOW HITPOINT WARNING * * *
The quokka twitches its whiskers.
The jackal barely misses you.
Aiming: Sting (safe; 10% risk of failure)
Press: ? - help, Q - select action, (/) - cycle Shift-Dir - straight line, f/p - jackal
Aim: a jackal (almost dead, poisoned, 60% to hit)
The sting hits the jackal.
The jackal looks even sicker.
You kill the jackal!
Your Poison Magic skill increases to level 3!
You don't have enough magic to cast this spell.
You don't have enough magic to cast this spell.
Unknown command.
You don't have enough magic to cast this spell.
You barely miss the jackal. The jackal barely misses you.
You hit the jackal.
The jackal is lightly wounded.
The jackal bites you.
* * * LOW HITPOINT WARNING * * *
The jackal closely misses you.
You hit the jackal but do no damage.
The jackal is lightly wounded.
The jackal bites you.
* * * LOW HITPOINT WARNING * * *
You barely miss the jackal.
The jackal is lightly wounded.
The jackal closely misses you. The jackal bites you.
* * * LOW HITPOINT WARNING * * *
You hit the jackal but do no damage.
The jackal is lightly wounded.
The jackal bites you but does no damage.
It was a potion of mutation.
You feel extremely strange.
You feel a strange attunement to the structure of the dungeons.
The jackal barely misses you.
You aren't carrying any scrolls.
You closely miss the jackal.
The jackal bites you but does no damage.
The jackal barely misses you.
You closely miss the jackal. The jackal bites you.
You die...

,
.......#...........#
.......#...........#
...................#
*
###....#...........#
*
.r.....#rhr........#
.......##K###.######
, ....###*#h#
#.###### .... #h#
#......# , ... * #@#
#......### .. #....#
#........#### ,
,*#.####
#...........## * **#
#............. *
#............8 *,
###........... * *
#.......88.. ,
##.†........ *
#....8.....


You could see a quokka, 3 jackals, a kobold and a rat.

Vanquished Creatures
  A giant cockroach (D:1)
  2 jackals (D:1)
3 creatures vanquished.

Notes
Turn   | Place    | Note
-------+----------+-------------------------------------------
     0 | D:1      | pkoi the Demigod Venom Mage began the quest for the Orb.
     0 | D:1      | Reached XP level 1. HP: 14/14 MP: 5/5
   182 | D:1      | Reached skill level 3 in Poison Magic
   187 | D:1      | Gained mutation: You passively map a small area around you.
                  | [potion of mutation]
   189 | D:1      | Slain by a jackal

Illustrated notes

Levels and vault maps discovered:
D:1:      nicolae_arrival_washed_ashore, layout_basic

Skill      XL: |  1 |
---------------+----+-----
Poison Magic   | 3 |  3.0
Dodging        | |  1.7
Stealth        | |  1.7
Spellcasting   | |  1.7
Transmutations | |  0.8

Action                   || total
-------------------------++-------
Melee: Unarmed           ||     8
 Cast: Sting             ||     7
  Use: Potion            ||     1
Armor: Robe              ||     4
Dodge: Dodged            ||    14
